 Dungeon Crawl Stone Soup version 0.21-a0-522-ga8338f0 (webtiles) character file.

541 Gerstahl the Chiller (level 7, -4/55 HPs)
             Began as a Naga Ice Elementalist on Dec 6, 2017.
             Slain by an ogre
             ... wielding a +0 giant club
              (17 damage)
             ... on level 4 of the Dungeon.
             The game lasted 00:09:49 (4571 turns).

Gerstahl the Chiller (Naga Ice Elementalist)        Turns: 4571, Time: 00:09:50

Health: -4/55      AC: 13    Str: 14    XL:     7   Next: 26%
Magic:  5/14       EV:  8    Int: 17    God:
Gold:   331        SH:  0    Dex: 11    Spells: 7/15 levels left

rFire    . . .     SeeInvis +   (no weapon)
rCold    . . .     Gourm    .   (no shield)
rNeg     . . .     Faith    .   a - +0 robe
rPois    +         Spirit   .   q - +0 helmet
rElec    .         Reflect  .   l - +1 cloak {rPois}
rCorr    .         Harm     .   h - +1 pair of gloves {Str+3}
MR       .....                  m - +1 naga barding
Stlth    ++........             (no amulet)
HPRegen  0.18/turn              (no ring)
MPRegen  0.14/turn              (no ring)

@: short of breath, very slow
A: large, see invisible, deformed body, poison resistance, slowness 2, slow
metabolism 1, spit poison 1, AC +2
a: Spit Poison


You were on level 4 of the Dungeon.
You were not hungry.

You visited 1 branch of the dungeon, and saw 4 of its levels.
You also visited: Sewer.

You collected 331 gold pieces.

Inventory:

Armour
 a - a +0 robe (worn)
 h - a +1 pair of gloves of strength (worn)
 l - a +1 cloak of poison resistance (worn)
 m - a +1 naga barding (worn)
 q - a +0 helmet (worn)
Jewellery
 n - an uncursed ring of wizardry {unknown}
Scrolls
 d - 7 scrolls of identify {unknown}
 e - a scroll of magic mapping
 j - 4 scrolls of teleportation {unknown}
 o - a scroll of fear {unknown}
Potions
 k - 2 potions of curing
 p - 3 potions of mutation {unknown}
 s - a potion of ambrosia {unknown}
Books
 b - a book of Frost

   Spells                             Type                      Level
   a - Freeze                         Ice                          1
   b - Throw Frost                    Conjuration/Ice              2
   c - Ozocubu's Armour               Charms/Ice                   3
   d - Throw Icicle                   Conjuration/Ice              4
   e - Summon Ice Beast               Ice/Summoning                4
 f - a book of Cantrips

   Spells                             Type                      Level
   a - Confusing Touch                Hexes                        1
   b - Animate Skeleton               Necromancy                   1
   c - Summon Small Mammal            Summoning                    1
   d - Apportation                    Translocation                1
Comestibles
 c - 4 bread rations
 g - 6 fruits
 i - 4 chunks of flesh
 r - 5 royal jellies


   Skills:
 - Level 1.5 Dodging
 - Level 3.0 Stealth
 + Level 4.8 Spellcasting
 + Level 2.9 Conjurations
 + Level 5.7 Ice Magic


You had 7 spell levels left.
You knew the following spells:

 Your Spells              Type           Power        Failure   Level  Hunger
a - Freeze                Ice            ###.         1%          1    None
b - Throw Icicle          Conj/Ice       ###.....     24%         4    ####...
c - Ozocubu's Armour      Chrm/Ice       ##......     14%         3    ###....


Dungeon Overview and Level Annotations

Branches:
Dungeon (4/15)             Temple (0/1) D:4

Altars:


Innate Abilities, Weirdness & Mutations

You cannot wear boots.
Your serpentine skin is tough. (AC +2)
You have supernaturally acute eyesight. (SInv)
Armour fits poorly on your strangely shaped body.
Your system is resistant to poisons. (rPois)
You cover ground very slowly.
You have a slow metabolism.
You can spit poison.


Message History

You freeze the ogre.
The ogre is moderately wounded.
Casting: Freeze
Confirm with . or Enter, or press ? or * to list all spells.
Aiming: Freeze
Press: ? - help, Shift-Dir - straight line, f/p - ogre
Aim: an ogre, wielding a giant club (moderately wounded)
You freeze the ogre.
The ogre is moderately wounded.
The ogre hits you with a giant club!!
* * * LOW HITPOINT WARNING * * *
Casting: Freeze
Confirm with . or Enter, or press ? or * to list all spells.
Aiming: Freeze
Press: ? - help, Shift-Dir - straight line, f/p - ogre
Aim: an ogre, wielding a giant club (moderately wounded)
You freeze the ogre.
The ogre is severely wounded.
The ogre hits you with a giant club!
You die...

#.# ##.##.# #.# #.# #..#.# #.#
#.#####.#.# #.########
#.........# #.#.......
###......#..# #.........
.........#..#*#### #.........
.........##>..,..#######.........
.........#######......##.........
.........#.....'@O....##.#'######
....######'#####.?....##.#.#*****
....# #.....##......##.#.##8,,,
....# #.....##......##..<.#,,,,
##### #.....#############.#..>.
#.....# ###.... #.....# *.⌠.⌠
#.....# *,... #.....# *,⌠.⌠


You could see an ogre.

Vanquished Creatures
  Sigmund (D:2)
  Purgy (Sewer)
  An ogre (D:4)
  A hound (D:4)
  A worker ant (D:4)
  Robin (D:4)
  4 gnolls (D:4)
  2 oozes
  An adder skeleton (D:4)
  A worm (D:3)
  A dart slug (D:3)
  7 leopard geckos
  3 orcs
  4 giant cockroaches
  13 goblins
  8 hobgoblins
  2 jackals (Sewer)
  3 ball pythons
  9 bats
  2 frilled lizards
  9 kobolds
  A leopard gecko skeleton (D:4)
  8 rats
84 creatures vanquished.

Notes
Turn   | Place    | Note
-------+----------+-------------------------------------------
     0 | D:1      | Gerstahl the Naga Ice Elementalist began the quest for the Orb.
     0 | D:1      | Reached XP level 1. HP: 15/15 MP: 3/3
   451 | D:1      | Reached XP level 2. HP: 21/22 MP: 5/5
   483 | D:1      | You fall through a shaft!
  1040 | D:2      | Noticed Sigmund
  1513 | D:2      | Killed Sigmund
  1513 | D:2      | Reached skill level 4 in Ice Magic
  1513 | D:2      | Reached XP level 3. HP: 7/28 MP: 1/8
  1513 | D:2      | Reached XP level 4. HP: 9/36 MP: 1/9
  1513 | D:2      | Reached XP level 5. HP: 10/42 MP: 1/10
  2655 | D:3      | Learned a level 4 spell: Throw Icicle
  2659 | D:3      | Learned a level 3 spell: Ozocubu's Armour
  3422 | D:4      | Noticed an ogre
  3438 | D:4      | Killed an ogre
  3438 | D:4      | Reached skill level 5 in Ice Magic
  3438 | D:4      | Reached XP level 6. HP: 44/49 MP: 4/12
  3723 | D:4      | Found a glowing drain.
  3727 | Sewer    | Entered a sewer
  3840 | Sewer    | Noticed Purgy
  3859 | Sewer    | Killed Purgy
  3859 | Sewer    | Reached XP level 7. HP: 15/55 MP: 3/14
  4343 | D:4      | Found a staircase to the Ecumenical Temple.
  4475 | D:4      | Noticed Robin
  4526 | D:4      | Killed Robin
  4571 | D:4      | Slain by an ogre

Vault maps used:
D:1:      evilmike_arrival_plus
D:2:      cheibrodos_helix_gallery, uniq_sigmund
D:4:      minmay_temple_entry_from_below_b, gup_sewer_entry_bowl, uniq_robin
Sewer:    sewer_the_crocodile

Skill      XL: |  1  2  3  4  5  6 |
---------------+-------------------+-----
Spellcasting   | 3 4 |  4.8
Ice Magic      | 4 5 |  5.7
Conjurations   | 2 |  2.9
Dodging        | |  1.5
Stealth        | |  3.0

Action                   |  1- 3 |  4- 6 |  7- 9 || total
-------------------------+-------+-------+-------++-------
Melee: Unarmed           |    38 |   106 |    31 ||   175
 Cast: Freeze            |    20 |    80 |    19 ||   119
       Ozocubu's Armour  |       |     1 |     2 ||     3
 Abil: Spit Poison       |     8 |    17 |     4 ||    29
  Use: Potion            |     1 |       |     1 ||     2
       Scroll            |       |     6 |       ||     6
 Stab: Sleeping          |       |     1 |       ||     1
  Eat: Chunk             |       |     4 |     2 ||     6
       Meat ration       |       |     1 |       ||     1
Armor: Robe              |    17 |   136 |    17 ||   170
Dodge: Dodged            |    29 |   106 |    19 ||   154

Table legend:
 A = Spawn XP
 B = Non-spawn XP
 C = Spawn XP percentage of total XP
 D = Spawn monster count
 E = Non-spawn monster count
 F = Spawn count percentage of total count
 G = Total turns spent on level
                    A         B        C        D         E        F      G
               +---------+---------+-------+---------+---------+-------+---------
         Total |       0 |     774 |   0.0 |       0 |      84 |   0.0 |  4571
               +---------+---------+-------+---------+---------+-------+---------
           D:1 |       0 |      24 |   0.0 |       0 |      16 |   0.0 |  1318
           D:2 |       0 |     241 |   0.0 |       0 |      11 |   0.0 |  1254
           D:3 |       0 |      43 |   0.0 |       0 |      21 |   0.0 |   810
           D:4 |       0 |     319 |   0.0 |       0 |      30 |   0.0 |   785
         Sewer |       0 |     147 |   0.0 |       0 |       6 |   0.0 |   404
               +---------+---------+-------+---------+---------+-------+---------
